 Dungeon Crawl Stone Soup version 0.30.1-9-gdf580d7c3d (webtiles) character file.

Game seed: 14677140549152693934

69 KittyFluff the Chopper (level 4, -1/60 HPs)
             Began as a Minotaur Berserker on Oct 12, 2023.
             Was a Believer of Trog.
             Slain by a gnoll
             ... wielding a +0 spear
              (6 damage)
             ... on level 3 of the Dungeon.
             The game lasted 00:08:07 (1767 turns).

KittyFluff the Chopper (Minotaur Berserker)         Turns: 1767, Time: 00:08:07

Health: -1/60      AC:  3    Str: 23    XL:     4   Next: 2%
Magic:  3/3        EV: 12    Int:  4    God:    Trog [**....]
Gold:   125        SH:  0    Dex: 10    Spells: 3/3 levels left

rFire   . . .        a - +0 hand axe
rCold   . . .        (no shield)
rNeg    . . .        b - +0 animal skin
rPois   .            (helmet restricted)
rElec   .            (no cloak)
rCorr   .            i - +0 pair of gloves
SInv    .            (no boots)
Will    .....        (no amulet) Stlth
                     (no ring)
HPRegen 0.30/turn    (no ring)
MPRegen 0.08/turn

%: no passive effects
@: berserking, very quick
A: horns 2, retaliatory headbutt
a: Renounce Religion, Berserk, Trog's Hand


You were on level 3 of the Dungeon.
You worshipped Trog.
Trog was pleased with you.
You visited 1 branch of the dungeon, and saw 3 of its levels.

You collected 125 gold pieces.

Inventory:

Hand Weapons
 a - a +0 hand axe (weapon)
Missiles
 h - 6 poisoned darts (quivered)
Armour
 b - a +0 animal skin (worn)
 i - a +0 pair of gloves (worn)
 k - a +0 chain mail
Scrolls
 f - a scroll of fog {unknown}
 g - a scroll of teleportation {unknown}
 m - a scroll of vulnerability {unknown}
 o - a scroll of fear {unknown}
 p - a scroll of identify {unknown}
Potions
 c - a potion of resistance {unknown}
 d - a potion of brilliance {unknown}
 e - a potion of haste {unknown}
 j - a potion of flight {unknown}
 l - a potion of invisibility {unknown}
 n - a potion of curing {unknown}


   Skills:
 + Level 4.1 Fighting
 * Level 4.5 Axes
 * Level 3.5 Armour
 + Level 2.7 Dodging


You had 3 spell levels left.
You didn't know any spells.
Your spell library was empty.

Dungeon Overview and Level Annotations

Branches:
Dungeon (3/15)

Altars:

Shops:
D:2 [


Innate Abilities, Weirdness & Mutations

You have a pair of horns on your head.
You reflexively headbutt those who attack you in melee.


Message History

You closely miss the gnoll.
The gnoll is heavily wounded.
The gnoll hits you with a +0 whip!
The gnoll hits you from afar with a +0 spear.
You hit the gnoll.
The gnoll is severely wounded.
The gnoll hits you with a +0 whip. The gnoll misses you.
The gnoll hits you from afar with a +0 spear.
You closely miss the gnoll. You headbutt the gnoll.
The gnoll is moderately wounded.
The gnoll barely misses you. The gnoll hits you with a +0 whip!
You barely miss the gnoll.
The gnoll is moderately wounded.
A gnoll comes into view. It is wielding a +0 spear.
The gnoll hits you but does no damage. The gnoll barely misses you.
The gnoll shouts!
You hit the gnoll.
The gnoll is heavily wounded.
The gnoll barely misses you. The gnoll hits you with a +0 whip.
* * * LOW HITPOINT WARNING * * *
A red film seems to cover your vision as you go berserk!
You feel yourself moving faster!
You feel mighty!
The gnoll hits you from afar with a +0 spear.
* * * LOW HITPOINT WARNING * * *
The gnoll hits you with a +0 whip.
* * * LOW HITPOINT WARNING * * *
You slash the gnoll!
You kill the gnoll!
Trog accepts your kill. The gnoll misses you.
You have reached level 4!
You feel agile.
You hit the gnoll but do no damage.
The gnoll is severely wounded.
You barely miss the gnoll. Your headbutt misses the gnoll.
The gnoll is severely wounded.
The gnoll misses you. The gnoll hits you with a +0 whip.
* * * LOW HITPOINT WARNING * * *
The gnoll hits you from afar with a +0 spear.
You die...

... #.#####
..# #.#....#
..
##.###.####
###......#
#.#.##.#
##.#.##.# #.
..##.#
#.g####.#
#.gg@...#
.....#######
###..


You could see 3 gnolls.

Vanquished Creatures
  A gnoll (D:3)
  3 dart slugs (D:1)
  5 endoplasms
  5 giant cockroaches
  6 goblins
  4 hobgoblins (D:1)
  2 jackals (D:1)
  4 quokkas
  4 ball pythons
  A bat (D:2)
  3 frilled lizards
  5 kobolds
  4 rats
47 creatures vanquished.

Notes
Turn   | Place    | Note
-------+----------+-------------------------------------------
     0 | D:1      | KittyFluff the Minotaur Berserker began the quest for the
                  | Orb.
     0 | D:1      | Reached XP level 1. HP: 19/19 MP: 0/0
   178 | D:1      | Reached XP level 2. HP: 25/27 MP: 1/1
   491 | D:1      | Reached ** piety under Trog
   492 | D:1      | Reached XP level 3. HP: 31/33 MP: 2/2
  1144 | D:2      | Found Redistas's Antique Armour Emporium.
  1378 | D:2      | Found a faded altar of an unknown god.
  1766 | D:3      | Reached XP level 4. HP: 11/40 MP: 3/3
  1767 | D:3      | Slain by a gnoll

Illustrated notes

Levels and vault maps discovered:
D:1:      sevenhm_arrival_forest_fort_small_4, layout_loops_corners,
          minmay_crystal_water, minmay_misc_feat_pillars, minivault_23,
          minmay_misc_feat_rugged
D:2:      layout_loops_ring, shapermc_ecumenical_altar_venn, serial_shops,
          nicolae_shop_rolling_square
D:3:      layout_loops_cross, lemuel_round_altar, kennysheep_another_room,
          st_stairs_3

Skill      XL: |  1  2  3 |
---------------+----------+-----
Axes           | 4 |  4.5
Armour         | 3 |  3.5
Fighting       | 4 |  4.1
Dodging        | |  2.7

Action                     |  1- 3 |  4- 6 || total
---------------------------+-------+-------++-------
  Melee: Hand axe          |    98 |     2 ||   100
         Headbutt          |    15 |       ||    15
 Invoke: Berserk           |     1 |       ||     1
 Armour: Animal skin       |    20 |       ||    20
  Dodge: Dodged            |    62 |     1 ||    63
